 Dungeon Crawl Stone Soup version 0.21-a0-507-ga8f6b7a (webtiles) character file.

210 slep the Poker (level 5, -6/41 HPs)
             Began as a Demonspawn Gladiator on Nov 28, 2017.
             Mangled by a centaur (7 damage)
             ... on level 5 of the Dungeon.
             The game lasted 00:07:21 (1541 turns).

slep the Poker (Demonspawn Gladiator)               Turns: 1541, Time: 00:07:22

Health: -6/41      AC:  7    Str: 12 (15) XL:     5   Next: 57%
Magic:  5/5        EV: 11    Int:  7 (9)  God:
Gold:   144        SH:  0    Dex: 12 (15) Spells: 4/4 levels left

rFire    . . .     SeeInvis .   a - +0 trident
rCold    . . .     Gourm    .   (no shield)
rNeg     . . .     Faith    .   i - +0 ring mail (curse)
rPois    .         Spirit   .   (helmet restricted)
rElec    .         Reflect  .   (no cloak)
rCorr    .         Harm     .   (no gloves)
MR       .....                  (no boots)
Stlth    +.........             (no amulet)
HPRegen  0.13/turn              (no ring)
MPRegen  0.09/turn              (no ring)

@: no status effects
A: horns 1, thin metallic scales 1
a: no special abilities


You were on level 5 of the Dungeon.
You were very hungry.

You visited 1 branch of the dungeon, and saw 4 of its levels.

You collected 144 gold pieces.

Inventory:

Hand Weapons
 a - a +0 trident (weapon)
Missiles
 d - 3 throwing nets (quivered)
 w - 34 poisoned needles
Armour
 b - a +0 leather armour
 c - a +0 helmet
 i - a cursed +0 ring mail (worn)
Wands
 h - a wand of scattershot (7)
Scrolls
 e - 2 scrolls of teleportation {unknown}
 j - a scroll of blinking {unknown}
 k - a scroll of amnesia {unknown}
 l - a scroll of enchant armour {unknown}
 m - a scroll of noise {unknown}
 r - a scroll of immolation {unknown}
 s - 2 scrolls of identify {unknown}
 t - a scroll of fear {unknown}
Potions
 n - a potion of brilliance
 p - a potion of resistance {unknown}
 u - a potion of lignification {unknown}
Comestibles
 f - a bread ration
 g - a royal jelly


   Skills:
 + Level 3.0 Fighting
 + Level 4.7 Polearms
 + Level 1.8 Throwing
 + Level 1.1 Armour
 + Level 3.3 Dodging


You had 4 spell levels left.
You didn't know any spells.

Dungeon Overview and Level Annotations

Branches:
Dungeon (5/15)
 Temple: D:4-7

Altars:

Shops:
D:5 %


Innate Abilities, Weirdness & Mutations

You have a pair of small horns on your head.
You are partially covered in thin metallic scales. (AC +2)


Message History

Your ring mail prevents you from hitting the centaur.
Your headbutt misses the centaur.
The centaur is almost dead.
The centaur hits you.
* * * LOW HITPOINT WARNING * * *
You hit the centaur. Your headbutt misses the centaur.
The centaur is almost dead.
The centaur barely misses you. The centaur misses you.
You closely miss the centaur.
You headbutt the centaur, but do no damage.
The centaur is almost dead.
The centaur hits you.
* * * LOW HITPOINT WARNING * * *
You hit the centaur.
The centaur is almost dead.
The centaur barely misses you. The centaur closely misses you.
You barely miss the centaur.
The centaur is almost dead.
The centaur hits you!
You die...

..# ..# #.# #.#
#.## #. #a. #.
#c# ##### .
#@#########...#
#.(...........#
#>#########.###
#.# #.....# #.#
+<....# #.#
#.....######
#.#
+...........
#.#
#........... #.
#...........


You could see a centaur and a worker ant.

Vanquished Creatures
  A sky beast (D:5)
  An iguana (D:5)
  A worker ant (D:4)
  2 adders (D:2)
  An ooze (D:1)
  4 dart slugs
  4 leopard geckos (D:1)
  8 goblins
  10 hobgoblins
  6 bats
  2 frilled lizards
  6 kobolds
  3 rats
49 creatures vanquished.

Notes
Turn   | Place    | Note
-------+----------+-------------------------------------------
     0 | D:1      | slep the Demonspawn Gladiator began the quest for the Orb.
     0 | D:1      | Reached XP level 1. HP: 16/16 MP: 1/1
   125 | D:1      | Gained mutation: You are partially covered in thin metallic scales. (AC +2) [demonic ancestry]
   125 | D:1      | Reached XP level 2. HP: 12/22 MP: 2/2
   132 | D:1      | Reached skill level 3 in Polearms
   326 | D:1      | Gained mutation: You have a pair of small horns on your head. [demonic ancestry]
   326 | D:1      | Reached XP level 3. HP: 27/28 MP: 3/3
  1201 | D:2      | Reached XP level 4. HP: 34/34 MP: 4/4
  1278 | D:2      | You fall through a shaft for 2 floors!
  1294 | D:4      | Reached skill level 4 in Polearms
  1310 | D:5      | Entered Level 5 of the Dungeon
  1321 | D:5      | Noticed a sky beast
  1339 | D:5      | Killed a sky beast
  1339 | D:5      | Reached skill level 1 in Armour
  1339 | D:5      | Reached XP level 5. HP: 22/41 MP: 5/5
  1356 | D:5      | Found Uraul's Food Emporium.
  1521 | D:5      | Noticed a centaur
  1531 | D:5      | HP: 1/41 [centaur (6)]
  1539 | D:5      | HP: 1/41 [centaur (3)]
  1541 | D:5      | Mangled by a centaur

Vault maps used:
D:1:      saegor_arrival_under_anarchy
D:2:      cheibrodos_greedy_goblins
D:4:      first_bread, okawaru_metal_pillars_3, uniq_ijyb
D:5:      kennysheep_little_box, lemuel_coloured_pillars_altar,
          eat_drink_and_be_merry_uskayaw, lightli_temple_of_fire, serial_shops,
          shop_statue

Skill      XL: |  1  2  3  4 |
---------------+-------------+-----
Polearms       | 3 4 |  4.7
Dodging        | 3 |  3.3
Fighting       | 3 |  3.0
Armour         | 1 |  1.1
Throwing       | |  1.8

Action                   |  1- 3 |  4- 6 || total
-------------------------+-------+-------++-------
Melee: Trident           |    96 |    66 ||   162
       Headbutt          |     3 |    11 ||    14
  Use: Potion            |       |     6 ||     6
  Eat: Chunk             |     1 |       ||     1
Armor: Leather armour    |     8 |       ||     8
       Ring mail         |    31 |    19 ||    50
Dodge: Dodged            |    70 |    33 ||   103

Table legend:
 A = Spawn XP
 B = Non-spawn XP
 C = Spawn XP percentage of total XP
 D = Spawn monster count
 E = Non-spawn monster count
 F = Spawn count percentage of total count
 G = Total turns spent on level
                    A         B        C        D         E        F      G
               +---------+---------+-------+---------+---------+-------+---------
         Total |       0 |     301 |   0.0 |       0 |      49 |   0.0 |  1541
               +---------+---------+-------+---------+---------+-------+---------
           D:1 |       0 |      55 |   0.0 |       0 |      23 |   0.0 |   857
           D:2 |       0 |      64 |   0.0 |       0 |      22 |   0.0 |   421
           D:4 |       0 |      36 |   0.0 |       0 |       1 |   0.0 |    32
           D:5 |       0 |     146 |   0.0 |       0 |       3 |   0.0 |   231
               +---------+---------+-------+---------+---------+-------+---------
